 Dungeon Crawl Stone Soup version 0.30-a0-983-g7e3032bf44 (webtiles) character file.

Game seed: 1860581661482077469

5321 AntidotE the Skirmisher (level 10, 0/77 HPs)
             Began as a Formicid Hunter on Apr 1, 2023.
             Was a Follower of Dithmenos.
             Succumbed to a cane toad's poison
             ... on level 8 of the Dungeon.
             The game lasted 01:23:55 (7288 turns).

AntidotE the Skirmisher (Formicid Hunter)           Turns: 7288, Time: 01:23:56

Health: 0/77       AC:  7    Str: 21    XL:     10   Next: 95%
Magic:  10/10      EV: 12    Int:  7    God:    Dithmenos [*.....]
Gold:   604        SH: 22    Dex: 25    Spells: 9/9 levels left

rFire   . . .      SeeInvis +    a - +1 shortbow
rCold   . . .      Faith    .    B - +0 tower shield
rNeg    . . .      Spirit   .    v - +0 leather armour of the Cricket {Contam Dex+5 Slay+2}
rPois   .          Reflect  +    (helmet unavailable)
rElec   .          Rampage  .    (no cloak)
rCorr   +                        f - +2 pair of gloves
Will    +....                    (no boots)
Stlth   +++                      n - amulet of reflection
HPRegen 0.32/turn                q - ring of resist corrosion
MPRegen 0.12/turn                y - +4 ring of slaying

@: lethally poisoned (0 -> -4), wreathed by umbra, unable to read
A: permanent stasis, dig shafts and tunnels, antennae 3, four strong arms,
shaggy fur 1, strong 1, inability to read after injury 1
a: Dig, Shaft Self, Renounce Religion


You were on level 8 of the Dungeon.
You worshipped Dithmenos.
Dithmenos was aware of your devotion.
You visited 3 branches of the dungeon, and saw 10 of its levels.

You collected 604 gold pieces.

Inventory:

Hand Weapons
 a - a +1 shortbow (weapon)
 g - the +1 whip of the Puckish God {freeze, rElec}
   (You found it on level 2 of the Dungeon)

   rElec:     It insulates you from electricity.
 j - a +3 halberd
 m - a +2 dagger of chaos
 w - the +5 falchion "Duty" {freeze, Int+2}
   (You found it on level 6 of the Dungeon)

   Int:       It affects your intelligence (+2).
 x - a +4 scimitar
 z - a +2 antimagic sling
Missiles
 e - 72 stones
 s - 16 poisoned darts
 C - 3 silver boomerangs
 G - a curare-tipped dart
Armour
 f - a +2 pair of gloves (worn)
 i - a +1 buckler
 v - the +0 leather armour of the Cricket (worn) {Contam Dex+5 Slay+2}
   (You found it on level 5 of the Dungeon)

   Dex:       It affects your dexterity (+5).
   Slay:      It affects your accuracy & damage with ranged weapons and melee
   (+2).
   Contam:    It causes magical contamination when unequipped.
 B - a +0 tower shield (worn)
 D - +1 steam dragon scales
 E - the +1 leather armour "Taonn" {Dex+5}
   (You found it on level 8 of the Dungeon)

   Dex:       It affects your dexterity (+5).
Jewellery
 n - an amulet of reflection (around neck)
 q - a ring of resist corrosion (left hand)
 y - a +4 ring of slaying (right hand)
Wands
 c - a wand of charming (4)
 d - a wand of quicksilver (1)
 p - a wand of digging (6)
 F - a wand of iceblast (4)
Scrolls
 b - a scroll of immolation
 h - 2 scrolls of fog
 k - 2 scrolls of magic mapping
 o - 9 scrolls of identify
 r - a scroll of enchant weapon
 t - a scroll of fear
Potions
 u - 2 potions of might
 A - a potion of magic
 H - a potion of flight


   Skills:
 + Level 6.8 Fighting
 + Level 12.4 Ranged Weapons
 + Level 3.7 Armour
 + Level 4.4 Dodging
 + Level 3.6 Stealth
 + Level 5.4 Shields
 + Level 2.3 Evocations


You had 9 spell levels left.
You didn't know any spells.
Your spell library contained the following spells:

 Spells                   Type           Power      Damage    Failure   Level
 Dazzling Flash           Conj/Hex       0%         N/A       100%        3
 Inner Flame              Hex/Fire       0%         N/A       100%        3
 Portal Projectile        Hex/Tloc       0%         N/A       100%        3
 Tukima's Dance           Hex            0%         N/A       100%        3
 Cause Fear               Hex            0%         N/A       100%        4
 Passage of Golubria      Tloc           0%         N/A       100%        4
 Agony                    Necr           0%         N/A       100%        5
 Blade Hands              Tmut           0%         N/A       100%        5
 Silence                  Hex/Air        0%         N/A       100%        5
 Discord                  Hex            0%         N/A       100%        8
 Lehudib's Crystal Spear  Conj/Erth      0%         10d2      100%        8


Dungeon Overview and Level Annotations

Branches:
Dungeon (8/15)             Temple (1/1) D:7            Lair (1/5) D:8

Altars:
Cheibriados
Dithmenos
Elyvilon
Fedhas
Gozag
Hepliaklqana
Kikubaaqudgha
Okawaru
Qazlal
Ru
Sif Muna
Trog
Uskayaw
Wu Jian
Xom
Yredelemnul
Zin

Shops:
D:3 [

Annotations:
Lair:1 1 runed translucent door, vampirul's ghost, journeyman GrFi


Innate Abilities, Weirdness & Mutations

You cannot be hasted, slowed, berserked, paralysed or teleported.
You can dig through walls and to a lower floor.
You have a pair of large antennae on your head. (SInv)
Your four strong arms can wield two-handed weapons with a shield.
You are covered in fur. (AC +1)
Your muscles are strong. (Str +4, Int/Dex -1)
You occasionally lose the ability to read scrolls when taking damage.


Message History

You block the cane toad's attack.
You are too injured to fight recklessly!
You are too injured to fight recklessly!
You feel sick.
You feel sick. The cane toad attacks as you move away!
You block the cane toad's attack.
You feel sick.
You feel sick. The bullfrog attacks as you move away!
You block the bullfrog's attack. The cane toad attacks as you move away!
The cane toad stings you!
You feel threatened and lose the ability to read scrolls!
* * * LOW HITPOINT WARNING * * *
You feel sick.
You are no longer poisoned.
You feel much better. The bullfrog barely misses you.
You block the cane toad's attack. You block the bullfrog's attack.
The cane toad stings you!!
* * * LOW HITPOINT WARNING * * *
You are lethally poisoned!
The cane toad poisons you!
* * * LOW HITPOINT WARNING * * *
You feel very sick. The bullfrog attacks as you move away!
The bullfrog barely misses you.
* * * LOW HITPOINT WARNING * * *
You feel very sick.
* * * LOW HITPOINT WARNING * * *
You feel very sick.
* * * LOW HITPOINT WARNING * * *
You feel sick. The cane toad attacks as you move away!
You block the cane toad's attack. The bullfrog attacks as you move away!
The bullfrog completely misses you.
* * * LOW HITPOINT WARNING * * *
You feel sick.
There is a staircase back to the Dungeon here.
* * * LOW HITPOINT WARNING * * *
You feel sick. The bullfrog hits you.
* * * LOW HITPOINT WARNING * * *
The cane toad barely misses you. You block the bullfrog's attack.
You climb upwards.
Welcome back to the Dungeon!
You die...

.#.# #........~........#......
.#.####
#..~~~...~.~..~..........
.#....#
#...~.~~~~........####..#
#####.#
#...~≈≈≈≈.~~~~..†........
.#....#
#~..~≈≈≈≈≈≈~≈.....####...
.#.#### #~≈~≈~~~≈≈≈~~....## #.##
.#.# #≈≈≈≈~.≈.~.~~~~..# #.# ...#
#≈≈≈≈≈~FF..≈≈≈...# #.# #..#
#≈≈≈≈~~.@.~.~~...# ##.## ##.#
#≈≈≈≈~......≈..~.# #..#. #.#
#≈≈≈≈~~....~≈~...# #.##. #.#
#.~≈≈~≈..~.~≈≈...# #.##. #.#
#..~~~.~.≈≈≈≈....####.### #.#
#..≈~.~~.≈≈≈~............ #.#
#.~..~~~.~≈≈~~..#####.... ##.##
#...~≈≈≈.≈≈≈~~..#####..##
#...#####..~.~≈≈.~.~≈~~........#


You could see a cane toad and a bullfrog.

Vanquished Creatures
  Pikel (D:5)
  Maggie (D:8)
  A cane toad (Lair:1)
  A troll (D:8)
  Grinder (D:3)
  Sigmund (D:5)
  A wyvern (D:8)
  Grum (D:8)
  2 steam dragons
  2 water moccasins
  2 orc warriors (D:8)
  An ice beast (D:7)
  5 wolves (D:8)
  2 centaurs (D:8)
  An ogre (D:5)
  3 lemures (D:5)
  A bullfrog (D:7)
  5 scorpions
  12 wights
  3 killer bees (D:8)
  A howler monkey (D:6)
  2 electric eels (D:8)
  6 hounds (D:8)
  2 jellies
  A gnoll bouda (D:6)
  An orc priest (D:5)
  3 iguanas
  Jessica (D:2)
  A sleepcap (D:6)
  Natasha (thrice) (D:3)
  9 gnolls
  6 adders
  A white imp (D:6)
  2 worms
  3 dart slugs (D:1)
  14 orcs
  8 endoplasms
  6 giant cockroaches
  5 hobgoblins
  4 jackals (D:1)
  14 kobolds
  6 quokkas
  5 ball pythons
  7 bats
  6 frilled lizards
  8 goblins
  6 rats
178 creatures vanquished.

Vanquished Creatures (collateral kills)
  A kobold brigand (D:8)
1 creature vanquished.

Vanquished Creatures (others)
  A kobold brigand (D:8)
1 creature vanquished.

Grand Total: 180 creatures vanquished

Notes
Turn   | Place    | Note
-------+----------+-------------------------------------------
     0 | D:1      | AntidotE the Formicid Hunter began the quest for the Orb.
     0 | D:1      | Reached XP level 1. HP: 16/16 MP: 1/1
    26 | D:1      | Reached XP level 2. HP: 16/23 MP: 2/2
   179 | D:1      | Reached XP level 3. HP: 28/28 MP: 3/3
   291 | D:1      | Found a faded altar of an unknown god.
   584 | D:2      | Identified the +1 whip of the Puckish God {freeze, rElec}
   626 | D:2      | Reached XP level 4. HP: 34/34 MP: 4/4
   627 | D:2      | Gained mutation: You are frail. (-10% HP) [potion of
                  | mutation]
   627 | D:2      | Gained mutation: You occasionally lose the ability to read
                  | scrolls when taking damage. [potion of mutation]
   627 | D:2      | Gained mutation: You are somewhat resistant to further
                  | mutation. [potion of mutation]
   832 | D:2      | Found a hazy altar of Hepliaklqana.
  1019 | D:2      | Noticed Jessica
  1022 | D:2      | Killed Jessica
  1023 | D:2      | Reached skill level 5 in Ranged Weapons
  1150 | D:3      | Found an ornate altar of the Wu Jian Council.
  1202 | D:3      | Reached XP level 5. HP: 29/36 MP: 5/5
  1303 | D:3      | Found a stormy altar of Qazlal.
  1365 | D:3      | Found Doimereng's Armour Shoppe.
  1550 | D:3      | Noticed Grinder
  1570 | D:3      | Killed Grinder
  1571 | D:3      | Reached skill level 6 in Ranged Weapons
  1571 | D:3      | Reached skill level 1 in Armour
  1571 | D:3      | Reached XP level 6. HP: 29/42 MP: 6/6
  1706 | D:3      | Noticed Natasha
  1711 | D:3      | Killed Natasha
  1722 | D:3      | Found a bloodstained altar of Trog.
  1790 | D:3      | Noticed Natasha
  1796 | D:3      | Killed Natasha
  1797 | D:3      | Reached XP level 7. HP: 27/46 MP: 7/7
  1846 | D:3      | Noticed Natasha
  1855 | D:3      | Killed Natasha
  1856 | D:3      | Reached skill level 7 in Ranged Weapons
  1856 | D:3      | Reached skill level 1 in Shields
  2132 | D:4      | Lost mutation: You are somewhat resistant to further
                  | mutation. [potion of mutation]
  2132 | D:4      | Lost mutation: You are frail. (-10% HP) [potion of
                  | mutation]
  2132 | D:4      | Gained mutation: You are covered in fur. (AC +1) [potion of
                  | mutation]
  2132 | D:4      | Gained mutation: Your muscles are strong. (Str +4, Int/Dex
                  | -1) [potion of mutation]
  2252 | D:4      | Found an opulent altar of Gozag.
  2507 | D:5      | Entered Level 5 of the Dungeon
  2901 | D:5      | Identified the +0 leather armour of the Cricket {Contam
                  | Dex+5 Slay+2}
  2932 | D:5      | Noticed a water moccasin
  2940 | D:5      | Killed a water moccasin
  3062 | D:5      | Reached XP level 8. HP: 55/60 MP: 8/8
  3232 | D:5      | Reached skill level 8 in Ranged Weapons
  3374 | D:5      | Noticed Pikel
  3382 | D:5      | Killed Pikel
  3383 | D:5      | Reached skill level 9 in Ranged Weapons
  3584 | D:5      | Reached skill level 5 in Fighting
  3671 | D:5      | Reached XP level 9. HP: 68/68 MP: 9/9
  3758 | D:5      | Noticed Sigmund
  3763 | D:5      | Killed Sigmund
  4391 | D:6      | Identified the +5 falchion "Duty" {freeze, Int+2}
  4552 | D:6      | Found a blossoming altar of Fedhas.
  4839 | D:6      | Reached skill level 10 in Ranged Weapons
  5202 | D:7      | Found a flagged portal.
  5371 | D:7      | Found a basalt altar of Yredelemnul.
  5669 | D:7      | Found a staircase to the Ecumenical Temple.
  5721 | Temple   | Entered the Ecumenical Temple
  5721 | Temple   | Found a transporter.
  5721 | Temple   | Found a transporter.
  5723 | Temple   | Found a transporter.
  5723 | Temple   | Found a transporter.
  5785 | Temple   | Became a worshipper of Dithmenos the Shadowed
  6048 | D:8      | Reached skill level 11 in Ranged Weapons
  6096 | D:8      | Reached XP level 10. HP: 74/76 MP: 10/10
  6247 | D:8      | Noticed Maggie
  6253 | D:8      | Killed Maggie
  6261 | D:8      | Identified the +1 leather armour "Taonn" {Dex+5}
  6441 | D:8      | Noticed Grum
  6456 | D:8      | Killed Grum
  6463 | D:8      | Reached skill level 12 in Ranged Weapons
  6724 | D:8      | Reached * piety under Dithmenos
  6734 | D:8      | Reached skill level 1 in Evocations
  6776 | D:8      | Found a staircase to the Lair.
  6962 | D:8      | Reached skill level 5 in Shields
  7234 | Lair:1   | Entered Level 1 of the Lair of Beasts
  7234 | Lair:1   | Noticed vampirul's ghost (journeyman GrFi)
  7234 | Lair:1   | Noticed a spriggan rider
  7234 | Lair:1   | Found a runed translucent door.
  7257 | Lair:1   | Noticed a cane toad
  7259 | Lair:1   | Noticed a cane toad
  7264 | Lair:1   | Killed a cane toad
  7287 | Lair:1   | HP: 1/77 [bullfrog (3)]
  7288 | D:8      | Succumbed to a cane toad's poison

Illustrated notes

Levels and vault maps discovered:
D:1:      dpeg_arrival_renting, layout_rooms, ebering_ecumenical_altar_hall
D:2:      layout_basic, basic_altar, uniq_jessica
D:3:      layout_rooms, lemuel_round_altar, lemuel_tele_altar,
          trog_butcher_becter, serial_shops, shop, uniq_grinder, uniq_natasha
D:4:      layout_cave_pods, grunt_gozag_statues
D:5:      layout_layer_cave, minivault_26, uniq_sigmund, uniq_pikel
D:6:      hellmonk_ruined_rings, layout_basic, fedhas_altar_1,
          grunt_ministairs_7, kennysheep_another_room
D:7:      layout_gridville, old_standard_altar, temple_doors_ab, serial_glass,
          glass_columns_a, glass_columns_a, glass_columns_a, glass_columns_a,
          feat_on_display, feat_on_display, due_unseen_surprise,
          minmay_strange_pillars, enter_bailey_3
D:8:      layout_loops_ring, erik_lair_island, hangedman_minor_gate_pass,
          uniq_maggie, uniq_grum
Temple:   hellmonk_temple_divided_pantheon
Lair:1:   layout_gridlike, ebering_ghost_funeral_grove,
          gammafunk_lair_bear_cave, grunt_megastairs_3

Skill      XL: |  1  2  3  4  5  6  7  8  9 10 |
---------------+-------------------------------+-----
Dodging        | 2 3 4 |  4.4
Ranged Weapons | 5 6 7 9 11 12 | 12.4
Fighting       | 3 5 6 |  6.8
Armour         | 1 2 3 |  3.7
Shields        | 1 2 3 5 |  5.4
Stealth        | 2 3 |  3.6
Evocations     | 2 |  2.3

Action                     |  1- 3 |  4- 6 |  7- 9 | 10-12 || total
---------------------------+-------+-------+-------+-------++-------
   Fire: Shortbow          |    77 |   104 |   270 |   136 ||   587
  Throw: Stone             |     7 |       |       |       ||     7
Ability: Dig               |     9 |       |     1 |       ||    10
  Evoke: Wand              |       |       |     1 |     4 ||     5
    Use: Potion            |     5 |     3 |     2 |     4 ||    14
         Scroll            |     1 |     7 |     3 |     1 ||    12
 Armour: Leather armour    |     9 |    18 |    23 |     6 ||    56
  Dodge: Dodged            |    17 |    25 |    57 |    20 ||   119
  Block: Buckler           |       |    13 |    77 |     5 ||    95
         Reflection        |       |       |     1 |     6 ||     7
         Tower shield      |       |       |       |    84 ||    84

Table legend: (Time is in decaauts)
 A = Elapsed time spent in this place.
 B = Non-inter-level travel time spent in this place.
 C = Inter-level travel time spent in this place.
 D = Time resting spent in this place.
 E = Time spent auto-exploring this place.
 F = Levels seen in this place.
 G = Mean time per level.
                   A        B        C        D        E       F      G
               +--------+--------+--------+--------+--------+-----+--------+
         Total |   7379 |   7259 |    120 |    853 |   2568 |  10 |  737.9 |
       Dungeon |   7124 |   7004 |    120 |    753 |   2551 |   8 |  890.5 |
        Temple |    199 |    199 |      0 |    100 |      5 |   1 |  199.0 |
          Lair |     55 |     55 |      0 |      0 |     12 |   1 |   55.0 |
               +--------+--------+--------+--------+--------+-----+--------+

Top non-repeatable levels by time:
     D:5: 1373 daAuts
     D:8: 1242 daAuts
     D:4: 977 daAuts
     D:6: 975 daAuts
     D:3: 789 daAuts
     D:7: 643 daAuts
     D:2: 578 daAuts
     D:1: 543 daAuts
  Temple: 199 daAuts
  Lair:1: 55 daAuts
